 Dungeon Crawl Stone Soup version 0.29.1-1-gd02db6906a (webtiles) character file.

Game seed: 274618378411300410

38 hawla the Gusty (level 3, -1/26 HPs)
             Began as a Meteoran Air Elementalist on Oct 13, 2022.
             Killed by their own static electricity (2 damage)
             ... on level 1 of the Dungeon.
             The game lasted 00:04:08 (366 turns).

hawla the Gusty (Meteoran Air Elementalist)          Turns: 366, Time: 00:04:09

Health: -1/26      AC:  3    Str: 10    XL:     3   Next: 91%
Magic:  1/8        EV: 12    Int: 18    God:
Gold:   44         SH:  0    Dex: 14    Spells: 5/8 levels left

rFire   . . .      SeeInvis .   (no weapon)
rCold   . . .      Faith    .   (no shield)
rNeg    . . .      Spirit   .   a - +0 robe
rPois   .          Reflect  .   c - +0 helmet
rElec   .          Harm     .   (no cloak)
rCorr   .          Rampage  .   (no gloves)
Will    .....                   (no boots)
Stlth   +.........              (no amulet)
HPRegen 0.08/turn               (no ring)
MPRegen 0.11/turn               (no ring)

@: glowing
A: sense surroundings 1, otherworldly, glowing, explore regen
a: no special abilities


You were on level 1 of the Dungeon.
You visited 1 branch of the dungeon, and saw 2 of its levels.

You collected 44 gold pieces.

Inventory:

Armour
 a - a +0 robe (worn)
 c - a +0 helmet (worn)
Scrolls
 b - a scroll of identify
 d - a scroll of magic mapping


   Skills:
 + Level 2.8 Dodging
 - Level 1.4 Stealth
 + Level 3.1 Spellcasting
 + Level 2.0 Conjurations
 + Level 4.4 Air Magic


You had 5 spell levels left.
You knew the following spells:

 Your Spells              Type           Power      Damage    Failure   Level
a - Shock                 Conj/Air       56%        1d6       4%          1
b - Static Discharge      Conj/Air       14%        3-5/arc   6%          2

Your spell library contained the following spells:

 Spells                   Type           Power      Damage    Failure   Level
 Swiftness                Air            18%        N/A       8%          3
 Airstrike                Air            9%         2d(2-18)  26%         4


Dungeon Overview and Level Annotations

Branches:
Dungeon (2/15) Zot: 833

Altars:


Innate Abilities, Weirdness & Mutations

You passively map a small area around you.
You are easily found by Zot.
You glow in the dark.
You regain HP and MP as you explore.


Message History

A jackal comes into view. x2
As you read the scroll labelled ESTRO AWYBI, it crumbles to dust.
It is a scroll of identify.
d - a scroll of magic mapping
Okay, then.
You aren't carrying any potions.
The jackal bites you.
* * * LOW HITPOINT WARNING * * *
The endoplasm hits you but does no damage.
You climb upwards.
There is a stone staircase leading down here.
The jackal bites you but does no damage. x2
The jackal bites you.
* * * LOW HITPOINT WARNING * * *
The jackal barely misses you.
A kobold comes into view. It is wielding a +0 dagger.
Found 8 stones.
The jackal bites you.
* * * LOW HITPOINT WARNING * * *
Casting: Static Discharge (safe; 6% risk of failure)
Confirm with . or Enter, or press ? or * to list all spells.
The jackal is struck by an arc of lightning.
You kill the jackal!
You are struck by an arc of lightning.
* * * LOW HITPOINT WARNING * * *
The kobold shouts!
The kobold throws a stone.
The stone hits you but does no damage.
The kobold throws a stone.
The stone hits you but does no damage. The endoplasm attacks as you move away!
The endoplasm hits you.
* * * LOW HITPOINT WARNING * * *
The kobold throws a stone.
The stone hits you but does no damage. The endoplasm misses you.
The kobold throws a stone.
The stone hits you but does no damage. The endoplasm attacks as you move away!
The endoplasm hits you.
* * * LOW HITPOINT WARNING * * *
Casting: Static Discharge (safe; 6% risk of failure)
Confirm with . or Enter, or press ? or * to list all spells.
The endoplasm is struck by an arc of lightning.
You kill the endoplasm!
You are struck by an arc of lightning.
You die...

#....# #..........
#....## #..........
#..K..# #..........
#.....####..........
#...........>.......
#....####.#.........
###.## #.##.....#..
#.# #....##.##.# #@#
####....†... #.#
###..##.# #.# #*
#.###.# #.#
####.♣♣.♣###.#
#.###∩ .♣.♣.♣♣§§.#
#.# ○§♣♣.⌠.⌠♣§♣.♣#
#.##♣♣§♣⌠...○§♣♣
#.#..♣.§..8..§♣♣.♣ ,
♣.§§○.....⌠.♣♣


You could see a kobold.

Vanquished Creatures
  3 ball pythons (D:1)
  2 endoplasms (D:1)
  3 giant cockroaches (D:1)
  A goblin (D:1)
  4 hobgoblins (D:1)
  10 jackals
  3 quokkas (D:1)
  2 bats (D:1)
  A kobold (D:1)
  4 rats (D:1)
33 creatures vanquished.

Notes
Turn   | Place    | Note
-------+----------+-------------------------------------------
     0 | D:1      | hawla the Meteoran Air Elementalist began the quest for the
                  | Orb.
     0 | D:1      | Reached XP level 1. HP: 14/14 MP: 5/5
    63 | D:1      | Reached XP level 2. HP: 17/20 MP: 3/6
    85 | D:1      | Learned a level 2 spell: Static Discharge
    86 | D:1      | Reached skill level 4 in Air Magic
   120 | D:1      | Found a faded altar of an unknown god.
   251 | D:1      | Reached XP level 3. HP: 6/26 MP: 0/8
   354 | D:1      | HP: 1/26 [jackal (2)]
   365 | D:1      | HP: 1/26 [endoplasm (2)]
   366 | D:1      | Killed from afar by themself

Illustrated notes

Levels and vault maps discovered:
D:1:      heliophobic_arrival_enchanted_forest, layout_rooms,
          ebering_ecumenical_altar_mist, minmay_3d_cube
D:2:      layout_basic

Skill      XL: |  1  2  3 |
---------------+----------+-----
Air Magic      | 4 |  4.4
Spellcasting   | 3 |  3.1
Conjurations   | 2 |  2.0
Dodging        | |  2.8
Stealth        | |  1.4

Action                   || total
-------------------------++-------
Melee: Unarmed           ||    13
 Cast: Shock             ||    33
       Static Discharge  ||    12
  Use: Scroll            ||     4
       Potion            ||     2
Armor: Robe              ||    25
Dodge: Dodged            ||    48
